Map: Arctic Gates

Players

SamuraiFunn - Winner!

  • Race: Protoss Protoss
  • Spawn Location: 0:00

TotalHappy - Winner!

  • Race: Zerg Zerg
  • Spawn Location: 9:00

A.I. 2 (Easy)

  • Race: Terran Terran
  • Spawn Location: 0:00

A.I. 3 (Easy)

  • Race: Protoss Protoss
  • Spawn Location: 3:00

VOD

Have the link to the VOD?

Description

Time

  • Played on: Oct. 29, 2017, 9:05 p.m.
  • Length: 21:34
Show
View Real Time Build Order
Export as new Build Order

SamuraiFunn Protoss - Winner!

Build Orders:  

Get SALT Encoding   

  12  0:01  Probe (Chrono Boost)  
  13  0:12  Probe (Chrono Boost)  
  14  0:19  Pylon  
  14  0:27  Probe (Chrono Boost)  
  15  0:40  Gateway  
  15  0:51  Probe (Chrono Boost)  
  16  1:01  Probe (Chrono Boost)  
  16  1:03  Assimilator  
  17  1:12  Probe (Chrono Boost)  
  18  1:31  Probe (Chrono Boost)  
  19  1:37  Zealot  
  21  1:46  Probe (Chrono Boost)  
  22  1:56  Probe (Chrono Boost)  
  23  2:06  Nexus  
  23  2:11  Pylon  
  23  2:18  Pylon  
  24  2:30  Probe (Chrono Boost)  
  24  2:33  Assimilator  
  24  2:40  Probe (Chrono Boost)  
  24  2:42  Pylon  
  25  2:51  Probe (Chrono Boost)  
  26  2:56  Assimilator  
  26  3:03  Gateway  
  26  3:06  Cybernetics Core  
  26  3:13  Zealot  
  28  3:21  Pylon  
  28  3:30  Forge  
  28  3:45  Probe x2 (Chrono Boost)  
  30  3:50  Zealot x2  
  34  4:00  Stargate  
  34  4:07  Twilight Council  
  34  4:17  Zealot  
  36  4:42  Probe (Chrono Boost), Assimilator  
  36  4:43  Probe (Chrono Boost)  
  38  4:49  Zealot x2  
  38  4:50  Charge  
  42  4:53  Probe x2 (Chrono Boost)  
  42  4:57  Protoss Air Weapons Level 1  
  44  5:13  Probe (Chrono Boost)  
  47  5:21  Zealot x2  
  47  5:24  Probe (Chrono Boost)  
  47  5:26  Gateway  
  50  5:29  Stargate  
  50  5:34  Probe (Chrono Boost)  
  50  5:35  Pylon  
  51  5:45  Probe (Chrono Boost)  
  51  5:46  Probe (Chrono Boost)  
  53  5:53  Zealot x2  
  57  6:06  Probe x2 (Chrono Boost)  
  59  6:15  Protoss Ground Armor Level 1  
  59  6:18  Void Ray  
  59  6:20  Zealot  
  59  6:23  Stargate  
  65  6:31  Pylon  
  65  6:34  Zealot x2  
  69  6:51  Protoss Air Armor Level 1  
  69  6:57  Zealot  
  71  7:20  Zealot x2  
  75  7:23  Void Ray x2  
  75  7:28  Pylon  
  83  7:30  Pylon  
  83  7:32  Pylon  
  77  8:10  Protoss Shields Level 1  
  77  8:28  Void Ray x2  
  77  8:32  Zealot  
  77  8:33  Zealot x2  
  91  9:11  Void Ray x2  
  99  9:32  Stargate  
  99  9:36  Stargate  
  99  9:41  Pylon  
  99  9:42  Pylon  
  99  9:44  Pylon  
  99  9:46  Pylon  
  99  9:54  Void Ray x2  
  85  13:17  Oracle x2  
  91  13:55  Nexus  
  91  14:13  Nexus  
  91  14:20  Void Ray x4  
  107  14:31  Pylon  
  107  14:35  Pylon x2  
  107  14:36  Pylon  
  107  14:39  Assimilator  
  107  14:43  Assimilator  
  107  14:50  Assimilator  
  107  15:10  Pylon  
  107  15:11  Pylon  
  107  15:12  Pylon  
  107  15:17  Protoss Ground Weapons Level 1  
  107  15:20  Blink  
  107  16:03  Gateway  
  107  16:04  Gateway  
  107  16:06  Gateway  
  107  16:10  Zealot x3  
  113  16:23  Void Ray x2  
  113  16:24  Void Ray  
  113  16:25  Void Ray  
  129  16:29  Fleet Beacon  
  129  16:37  Zealot x3  
  129  16:38  Robotics Facility  
  135  17:11  Protoss Ground Armor Level 2  
  135  17:16  Protoss Air Weapons Level 2  
  135  18:19  Void Ray  
  135  18:20  Void Ray x3  
  151  18:48  Templar Archives  
  151  19:02  Void Ray x3  
  151  19:03  Void Ray  
  167  19:10  Dark Shrine  
  167  19:37  Resonating Glaives  
Show
View Real Time Build Order
Export as new Build Order

TotalHappy Zerg - Winner!

Build Orders: Pool First 

Get SALT Encoding   

  12  0:23  Extractor  
  11  0:35  Extractor  
  10  0:50  Spawning Pool  
  9  1:20  Hatchery  
  8  1:40  Hatchery  
  8  1:46  Drone  
  8  2:29  Drone  
  9  2:30  Drone x2  
  9  2:37  Drone  
  12  2:48  Zergling x2  
  13  2:54  Drone  
  14  3:02  Drone  
  15  3:30  Roach Warren  
  15  3:31  Zergling x2  
  15  3:42  Zergling x4  
  17  3:56  Extractor  
  17  3:58  Drone  
  17  4:00  Drone x2  
  19  4:08  Drone x3  
  22  4:40  Drone  
  22  4:41  Drone x2  
  25  4:52  Extractor  
  24  5:06  Extractor  
  23  5:08  Extractor  
  23  5:12  Drone x2  
  23  5:13  Drone  
  25  5:34  Drone  
  26  5:50  Overlord  
  26  5:51  Overlord x2  
  26  6:11  Drone x3  
  27  6:17  Overlord  
  29  6:21  Overlord  
  29  6:45  Metabolic Boost  
  29  6:56  Pneumatized Carapace  
  29  7:14  Drone  
  29  7:15  Drone x2  
  32  7:26  Drone  
  33  7:59  Spine Crawler  
  33  8:01  Drone  
  33  8:02  Drone  
  33  8:03  Drone  
  35  9:16  Drone x2  
  35  9:17  Drone  
  38  9:36  Evolution Chamber  
  37  9:40  Drone  
  37  9:41  Drone x2  
  40  10:07  Hatchery  
  39  10:21  Lair  
  39  10:27  Queen  
  41  10:37  Lair  
  41  12:05  Infestation Pit  
  40  12:13  Spire  
  39  12:40  Infestation Pit  
  39  12:41  Drone  
  39  12:45  Hive  
  39  12:49  Drone  
  40  13:21  Pathogen Glands  
  40  13:23  Neural Parasite  
  40  13:39  Mutalisk  
  40  13:40  Mutalisk x2  
  46  14:02  Hatchery  
  45  14:20  Corruptor  
  45  14:21  Corruptor x2  
  51  14:40  Ultralisk Cavern  
  50  17:11  Greater Spire  
  50  17:15  Chitinous Plating  
  50  17:23  Zerg Melee Weapons Level 1  
  50  17:47  Hydralisk Den  
  49  18:07  Overlord x3  
  49  18:20  Ultralisk Cavern  
  49  18:22  Muscular Augments  
  48  18:28  Zerg Flyer Weapons Level 1  
  48  18:35  Hydralisk x2  
  52  19:17  Zerg Missile Weapons Level 1  
  52  19:30  Zergling x4  
  52  19:31  Zergling x2  
Show
View Real Time Build Order
Export as new Build Order

A.I. 2 (Easy) Terran 

Build Orders:  

Get SALT Encoding   

  12  0:01  SCV  
  13  0:13  SCV  
  14  0:20  Supply Depot  
  14  0:25  SCV  
  15  0:41  SCV  
  16  0:44  Barracks  
  16  0:46  Refinery  
  16  1:11  Supply Depot  
  16  1:22  Refinery  
  16  1:31  Marine  
  17  1:33  Orbital Command  
  17  1:50  Barracks Tech Lab  
  17  2:08  Marine  
  17  2:15  Supply Depot  
  18  2:16  SCV  
  19  2:28  SCV  
  20  2:35  Marine  
  21  2:40  SCV  
  22  2:53  SCV  
  23  3:01  Marine  
  23  3:05  SCV  
  25  3:17  SCV  
  26  3:28  Marauder  
  28  3:54  Marauder  
  30  4:21  Marauder  
  32  7:09  Marine  
  32  7:12  Factory  
  32  7:15  Supply Depot  
  32  7:26  SCV  
  32  7:27  Marine  
  23  7:45  Marine  
  23  7:50  SCV  
  23  7:58  Starport  
  23  8:02  SCV  
  23  8:03  Marine  
  24  8:10  Command Center  
  22  8:14  SCV  
  23  8:20  Marine  
  23  8:26  Supply Depot  
  24  8:30  Hellion  
  25  8:37  Starport Tech Lab  
  23  8:41  SCV  
  22  8:51  Hellion  
  22  8:54  SCV  
  24  8:55  Raven  
  22  9:03  Marine  
  22  9:04  Command Center  
  22  9:06  SCV  
  24  9:18  SCV, Hellion  
  27  9:38  Raven  
  27  9:39  Hellion  
  31  9:49  Marine  
  31  10:07  Marine  
  25  10:17  SCV  
  26  10:21  SCV, Viking  
  21  10:29  SCV, Refinery  
  21  10:35  Hellion  
  20  10:41  SCV  
  13  10:51  Viking  
  13  10:53  SCV  
  15  11:04  Hellion  
  17  11:05  SCV  
  18  11:14  Command Center  
  18  11:17  SCV  
  16  11:20  Marine  
  16  11:21  Raven  
  16  11:29  SCV  
  15  11:35  Hellion  
  16  11:42  SCV  
  13  11:54  SCV  
  8  11:56  Hellion  
  10  12:04  Raven  
  10  12:06  SCV, Marine, Command Center  
  11  12:18  SCV  
  10  12:24  Marine  
  7  12:30  SCV  
  7  12:34  Factory Tech Lab  
  4  12:42  SCV  
  5  12:46  Raven  
  7  12:54  SCV  
  5  13:06  SCV  
Show
View Real Time Build Order
Export as new Build Order

A.I. 3 (Easy) Protoss 

Build Orders:  

Get SALT Encoding   

  12  0:01  Probe (Chrono Boost)  
  13  0:11  Probe (Chrono Boost)  
  14  0:21  Pylon  
  14  0:23  Probe (Chrono Boost)  
  15  0:39  Probe (Chrono Boost)  
  16  0:44  Gateway  
  16  0:45  Assimilator  
  16  0:58  Pylon  
  16  1:19  Assimilator  
  16  1:31  Zealot  
  16  1:34  Cybernetics Core  
  18  2:07  Warp Gate  
  18  2:11  Pylon, Adept  
  20  2:21  Probe (Chrono Boost)  
  21  2:33  Probe (Chrono Boost)  
  23  2:44  Probe (Chrono Boost)  
  23  2:46  Stalker  
  25  2:56  Probe (Chrono Boost)  
  26  3:07  Probe (Chrono Boost)  
  27  3:19  Probe (Chrono Boost), Stalker  
  30  3:52  Adept  
  32  6:58  Probe (Chrono Boost)  
  32  7:05  Stalker  
  35  7:08  Probe (Chrono Boost)  
  35  7:10  Pylon  
  35  7:11  Robotics Facility  
  35  7:16  Nexus  
  35  7:29  Probe (Chrono Boost), Stalker  
  38  7:30  Pylon  
  28  7:43  Probe (Chrono Boost)  
  28  7:54  Sentry  
  28  7:56  Observer  
  29  8:17  Observer  
  29  8:18  Stalker  
  32  8:29  Probe (Chrono Boost)  
  32  8:33  Probe (Chrono Boost)  
  34  8:36  Immortal  
  34  8:38  Assimilator  
  34  8:41  Probe (Chrono Boost), Assimilator  
  31  8:52  Probe (Chrono Boost)  
  29  8:57  Stalker  
  31  9:04  Probe (Chrono Boost)  
  32  9:14  Immortal  
  32  9:16  Probe (Chrono Boost)  
  37  9:21  Nexus  
  35  9:26  Stalker  
  35  9:28  Probe (Chrono Boost)  
  35  9:30  Assimilator  
  39  9:39  Probe (Chrono Boost)  
  39  9:41  Assimilator  
  39  9:47  Zealot  
  39  9:50  Probe (Chrono Boost)  
  42  10:00  Immortal  
  42  10:02  Probe (Chrono Boost)  
  47  10:11  Pylon  
  47  10:13  Probe (Chrono Boost)  
  36  10:17  Stalker  
  30  10:25  Probe (Chrono Boost)  
  32  10:36  Probe (Chrono Boost)  
  32  10:39  Immortal  
  36  10:45  Nexus  
  36  10:47  Probe (Chrono Boost)  
  36  10:48  Stalker  
  39  10:59  Probe (Chrono Boost)  
  40  11:10  Probe (Chrono Boost), Pylon, Zealot  
  43  11:21  Probe (Chrono Boost)  
  43  11:23  Immortal  
  48  11:33  Probe (Chrono Boost)  
  48  11:39  Zealot  
  39  11:44  Probe (Chrono Boost)  
  37  11:55  Probe (Chrono Boost)  
  37  11:57  Pylon  
  26  12:07  Probe (Chrono Boost)  
  18  12:12  Zealot  
  13  12:18  Probe (Chrono Boost)  
  7  12:30  Stalker  
Tags
 
Add a new tag
Caveats
  • Supply blocks, unpowered buildings, or Contaminate may cause inaccurate times.
  • Supply counts are checked every 10 seconds.